AoeStats
← Lady Malbec

Arabia

509716203Analyzed
1v1 RM · 4d ago on Sep 27, 2026· 47m 39s· 2 players
Game mode
Random Map
Map size
Tiny (2 player)
Population
200
Speed
Normal
Resources
Standard
Victory
Conquest
Starting age
Dark Age
Ending age
Imperial Age
RankedLock teamsTeams togetherTeam positionsShared explorationLock speedFull tech treeHidden civsTurbo modeCheats
Victory
Defeat
🇬🇧 Danes · United Kingdom
1245
+14
🇦🇷 Georgians · Argentina
1200
-14
Lady Malbec
6:30 Loom
10:07 Feudal Age
11:07 Double-Bit Axe
24:15 Castle Age
25:25 Town Watch
25:33 Town Watch
26:00 Bloodlines
25:51 Husbandry
32:08 Sanctity
36:00 Fletching
41:05 Redemption
46:50 Imperial Age
46:43 Scale Barding Armor
47:12 Forging
47:55 Conscription
47:58 Block Printing
ButtStuff
7:25 Loom
7:33 Loom
9:30 Feudal Age
10:10 Double-Bit Axe
9:50 Man-at-Arms
13:17 Arson
16:44 Fletching
23:56 Castle Age
24:50 Forging
24:40 Scale Mail Armor
24:28 Gambesons
24:43 Squires
25:49 Horse Collar
34:06 Wheelbarrow
33:17 Town Watch
33:44 Pikeman
35:17 Bow Saw
35:09 Heavy Plow
36:28 Bodkin Arrow
38:05 Padded Archer Armor
39:53 Hand Cart
39:38 Town Patrol
43:22 Imperial Age
42:38 Thumb Ring
41:55 Elite Skirmisher
45:05 Ballistics
44:59 Bracer
45:16 Chain Mail Armor
45:54 Siege Engineers
46:50 Chemistry
47:04 Masonry
47:49 Plate Mail Armor
Connection lost

Rejoining the realm…

Still unreachable

The connection could not be restored.

Session expired

The server has moved on; the page needs a fresh start.